 Dungeon Crawl Stone Soup version 0.16-a0-2093-g8c923f7 (webtiles) character file.

513 PolkaDot the Caller (level 7, 0/53 HPs)
             Began as a Vampire Summoner on Nov 12, 2014.
             Killed from afar by Blork the orc (14 damage)
             ... with a wand of frost
             ... on level 5 of the Dungeon.
             The game lasted 00:21:30 (5466 turns).

PolkaDot the Caller (Vampire Summoner)              Turns: 5466, Time: 00:21:30

Health: 0/53       AC:  4    Str:  7      XL:     7   Next: 0%
Magic:  3/12       EV: 12    Int: 19      God:
Gold:   206        SH:  0    Dex: 13 (14) Spells: 3 memorised, 4 levels left

rFire  + . .     SeeInvis +     a - +2 whip (elec)
rCold  . . .     Clarity  .     k - +0 robe
rNeg   . . .     SustAb   .     (no shield)
rPois  .         Gourm    .     B - +0 helmet
rElec  .         Spirit   .     (no cloak)
rCorr  .         Warding  .     m - +0 pair of gloves
rMut   .         Stasis   .     (no boots)
MR     .....                    (no amulet)
Stlth  ++........               (no ring)
                                h - ring of protection from fire

@: regenerating quickly, invisible, not resistant to hostile enchantments,
unstealthy
A: bottle blood, fangs 3, see invisible, unbreathing
a: Bottle Blood


You were on level 5 of the Dungeon.
You were very full.

You visited 1 branch of the dungeon, and saw 5 of its levels.

You collected 206 gold pieces.

Inventory:

Hand weapons
 a - a +2 whip of electrocution (weapon)
 b - a +0 hunting sling
Missiles
 d - 191 stones (quivered)
Armour
 k - a +0 robe (worn)
 m - a +0 pair of gloves (worn)
 B - a +0 helmet (worn)
Jewellery
 h - a ring of protection from fire (left hand)
Magical devices
 i - a wand of digging (5)
 w - a wand of draining (3)
 x - a wand of random effects (13)
 E - a wand of magic darts (23)
Scrolls
 c - a scroll of blinking
 e - a scroll of fog
 f - 2 scrolls of remove curse
 l - a scroll of teleportation {unknown}
 o - a scroll of fear {unknown}
 u - a scroll of recharging {unknown}
 y - a scroll of immolation {unknown}
 D - a scroll of magic mapping {unknown}
Potions
 g - a potion of curing
 p - a potion of might
 r - a potion of agility
 s - 2 potions of brilliance
 t - a potion of cancellation
 v - a potion of invisibility
 z - a potion of flight
 A - a potion of haste {unknown}
Books
 n - a book of Callings

   Spells                             Type                      Level
   *Summon Small Mammal               Summoning                    1
   *Call Imp                          Summoning                    2
   *Call Canine Familiar              Summoning                    3
   Summon Guardian Golem              Hexes/Summoning              4
   Summon Lightning Spire             Summoning/Air                4
   Summon Ice Beast                   Ice/Summoning                4


   Skills:
 + Level 3.6 Fighting
 - Level 2.1 Dodging
 - Level 3.0 Stealth
 - Level 2.0 Spellcasting
 * Level 7.2 Summonings


You had 4 spell levels left.
You knew the following spells:

 Your Spells              Type           Power        Failure   Level  Hunger
a - Summon Small Mammal   Summ           ####         1%          1    #......
d - Call Canine Familiar  Summ           ####....     2%          3    ###....
s - Call Imp              Summ           ####....     1%          2    ###....


Dungeon Overview and Level Annotations

Branches:
Dungeon (5/15)
 Temple: D:4-7

Altars:
Dithmenos
Elyvilon
Kikubaaqudgha
Makhleb
Okawaru
Vehumet
Xom
The Shining One

Shops:
D:4 *

Annotations:
D:5 Blork the orc


Innate Abilities, Weirdness & Mutations

Your natural rate of healing is unusually fast.
You can bottle blood from corpses.
You have razor-sharp teeth.
You have supernaturally acute eyesight.
You can survive without breathing.


Message History

Anything else - Stay silent.
Wait here!
Blork the orc zaps a wand.
The puff of frost hits your hound.
Your hound bites Blork the orc.
Your crimson imp completely misses Blork the orc.
Blork the orc points at you and mumbles some strange words.
The magic dart hits your hound.
Your hound dies!
Your hound's corpse disappears in a puff of smoke!
Your crimson imp misses Blork the orc.
Casting: Call Imp
Confirm with . or Enter, or press ? or * to list all spells.
Blork the orc gestures at you while chanting.
The magic dart hits you!
* * * LOW HITPOINT WARNING * * *
Your white imp hits Blork the orc.
Your white imp freezes Blork the orc.
Your crimson imp blinks!
Drink which item? (? for menu, Esc to quit)
You fade into invisibility!
Blork the orc zaps a wand.
The puff of frost hits you!
You die...

####........#...........
#........###########.
#......#55.........#.
#......###########.#.
#......# #. ####..># #.
#....### #. #(.h.# #.
#...@# #. #....# #.
#..>o############# #.
#..55.....o÷.....# ##
#....###########.#
###### #.# #.# #.# #.#


You could see Blork the orc, a friendly hound, a friendly crimson imp and a
friendly white imp.

Vanquished Creatures
  A crimson imp (D:5)
  An orc priest (D:3)
  A hound (D:4)
  An iguana (D:4)
  An orc wizard (D:4)
  Natasha (thrice) (D:3)
  A worker ant (D:4)
  Ijyb (D:5)
  A gnoll (D:3)
  7 adders
  2 giant mites
  3 worms
  5 orcs
  2 giant cockroaches
  7 goblins
  5 hobgoblins
  3 quokkas
  15 bats
  A giant gecko skeleton (D:4)
  9 giant newts
  4 kobolds
  7 rats
  2 rat skeletons
83 creatures vanquished.

Vanquished Creatures (collateral kills)
  The ghost of Vidiiot the Chiller, an average OpIE (D:3)
  An orc wizard (D:4)
  A quasit (D:5)
  Jessica (D:2)
  3 gnolls (D:3)
  2 adders
  A worm (D:3)
  6 orcs
  3 hobgoblins
  6 jackals (D:1)
  2 kobolds (D:1)
  A giant gecko (D:2)
  A giant newt (D:2)
  2 goblins
  2 rats (D:1)
33 creatures vanquished.

Vanquished Creatures (others)
  A hound (D:5)
  A crimson imp (D:5)
  A shadow imp (D:4)
  A white imp (D:3)
  A bat (D:1)
  3 quokkas
  4 rats
12 creatures vanquished.

Grand Total: 128 creatures vanquished

Notes
Turn   | Place    | Note
--------------------------------------------------------------
     0 | D:1      | PolkaDot, the Vampire Summoner, began the quest for the Orb.
     0 | D:1      | Reached XP level 1. HP: 13/13 MP: 3/3
   298 | D:1      | Reached XP level 2. HP: 10/20 MP: 0/4
   300 | D:1      | Reached skill level 1 in Fighting
  1058 | D:1      | Learned a level 2 spell: Call Imp
  1206 | D:2      | Found an ancient bone altar of Kikubaaqudgha.
  1467 | D:2      | Reached XP level 3. HP: 26/26 MP: 6/6
  1512 | D:2      | Found an iron altar of Okawaru.
  1715 | D:2      | Found a shimmering altar of Xom.
  1715 | D:2      | Found a shimmering altar of Xom.
  1716 | D:2      | Found a shimmering altar of Xom.
  1717 | D:2      | Found a shimmering altar of Xom.
  1927 | D:2      | Noticed Jessica
  1942 | D:2      | Killed Jessica
  1942 | D:2      | Reached skill level 5 in Summonings
  2004 | D:2      | Reached XP level 4. HP: 31/33 MP: 7/7
  2252 | D:2      | Learned a level 3 spell: Call Canine Familiar
  2472 | D:3      | Noticed Natasha
  2482 | D:3      | Killed Natasha
  2562 | D:3      | Found a shadowy altar of Dithmenos.
  2640 | D:3      | Reached XP level 5. HP: 35/38 MP: 9/9
  2738 | D:3      | Noticed Vidiiot's ghost (average OpIE)
  2750 | D:3      | Killed Vidiiot's ghost
  2892 | D:3      | Reached skill level 6 in Summonings
  3185 | D:3      | Noticed Natasha
  3193 | D:3      | Killed Natasha
  3201 | D:3      | Noticed Natasha
  3202 | D:3      | Killed Natasha
  3435 | D:3      | Reached XP level 6. HP: 46/46 MP: 10/10
  3701 | D:3      | Found a burning altar of Makhleb.
  3701 | D:3      | Noticed an Executioner
  4105 | D:4      | Found a radiant altar of Vehumet.
  4527 | D:4      | Found a glowing golden altar of the Shining One.
  4527 | D:4      | Found a white marble altar of Elyvilon.
  4528 | D:4      | Found Prudgh's Assorted Antiques.
  4896 | D:4      | Reached skill level 7 in Summonings
  5272 | D:5      | Entered Level 5 of the Dungeon
  5379 | D:5      | Noticed Ijyb
  5386 | D:5      | Killed Ijyb
  5426 | D:5      | Reached XP level 7. HP: 53/53 MP: 10/12
  5436 | D:5      | Noticed Blork the orc
  5466 | D:5      | Killed from afar by Blork the orc

Action                   |  1- 3 |  4- 6 |  7- 9 || total
-------------------------+-------+-------+-------++-------
Melee: Unarmed           |    41 |       |       ||    41
       Mace              |    19 |     5 |       ||    24
       Whip              |       |    91 |       ||    91
 Fire: Hunting sling     |    56 |   132 |       ||   188
Throw: Stone             |    15 |       |       ||    15
 Cast: Summon Small Mamm |    29 |     9 |       ||    38
       Call Imp          |     1 |    12 |     2 ||    15
       Call Canine Famil |       |    10 |     2 ||    12
 Abil: Bottle Blood      |       |     3 |       ||     3
  Use: Potion            |     2 |     4 |     1 ||     7
       Scroll            |       |     9 |       ||     9
 Stab: Sleeping          |     3 |     3 |       ||     6
       Distracted        |       |     1 |       ||     1
  Eat: Corpse            |    17 |    24 |     1 ||    42
